| TOP OF THE 1ST |
|
Kelowna Heat batting - Pitching for Oakland Oaks : RHP Jon Hollman
|
|
Pitching: RHP Jon Hollman
|
|
|
Batting: RHB Sadataka Kuwahara
|
0-0: Hit by Pitch
|
|
Batting: RHB Malik Sharpless
|
0-0: Ball Sadataka Kuwahara is caught stealing 2nd base 2-4 1-0: Called Strike 1-1: Ball 2-1: Fly out, F8 (Flyball, 78M, EV 89.4 MPH)
|
|
Batting: LHB Chris West
|
0-0: Foul Ball, location: 2F 0-1: Foul Ball, location: 2F 0-2: Ground out 4-3 (Groundball, 4, EV 103.1 MPH)
|
| Top of the 1st over - 0 runs, 0 hits, 0 errors, 0 left on base; Kelowna 0 - Oakland 0 |
| BOTTOM OF THE 1ST |
|
Oakland Oaks batting - Pitching for Kelowna Heat : RHP Dan Giles
|
|
Pitching: RHP Dan Giles
|
|
|
Batting: RHB Marcus Kressley
|
0-0: Called Strike 0-1: Foul Ball, location: 2F 0-2: Ball 1-2: Ball 2-2: Foul Ball, location: 2F 2-2: Ball 3-2: Ground out 6-3 (Groundball, 6M, EV 83.8 MPH)
|
|
Batting: RHB Alberto Malagon
|
0-0: Swinging Strike 0-1: Foul Ball, location: 2F 0-2: Foul Ball, location: 2F 0-2: Foul Ball, location: 2F 0-2: Foul Ball, location: 2F 0-2: Ball 1-2: Ball 2-2: SINGLE (Groundball, 34, EV 103.1 MPH)
|
|
Batting: LHB Alejandro Muniz
|
0-0: Called Strike 0-1: Ball Alberto Malagon steals 2nd base 1-1: Ground out 6-3 (Groundball, 6MD, EV 100.0 MPH) Alberto Malagon to third
|
|
Batting: SHB George Marshall
|
0-0: Fly out, F6 (Flyball, 6D, EV 86.3 MPH)
|
| Bottom of the 1st over - 0 runs, 1 hit, 0 errors, 1 left on base; Kelowna 0 - Oakland 0 |
| TOP OF THE 2ND |
|
Kelowna Heat batting - Pitching for Oakland Oaks : RHP Jon Hollman
|
|
Batting: RHB Frank Pena
|
0-0: Called Strike 0-1: Ball 1-1: Swinging Strike 1-2: TRIPLE (Flyball, 89XD, EV 100.6 MPH)
|
|
Batting: RHB Dave Putnam
|
0-0: Foul Ball, location: 2F 0-1: Foul Ball, location: 2F 0-2: Foul Ball, location: 2F 0-2: Ball 1-2: Strikes out swinging
|
|
Batting: LHB Steve Nevis
|
0-0: Fly out, F7 (Flyball, 78S, EV 94.4 MPH)
|
|
Batting: RHB Josh Truell
|
0-0: Foul Ball, location: 2F 0-1: Ball 1-1: Ball 2-1: Ball 3-1: Foul Ball, location: 2F 3-2: Ground out 1-3 (Groundball, P, EV 71.3 MPH)
|
| Top of the 2nd over - 0 runs, 1 hit, 0 errors, 1 left on base; Kelowna 0 - Oakland 0 |
| BOTTOM OF THE 2ND |
|
Oakland Oaks batting - Pitching for Kelowna Heat : RHP Dan Giles
|
|
Batting: RHB Chris Temple
|
0-0: Foul Ball, location: 2F 0-1: SINGLE (Groundball, 56D, EV 94.4 MPH)
|
|
Batting: LHB Marcus Pollard
|
0-0: Ball Wild Pitch! Chris Temple to second 1-0: Foul Ball, location: 2F 1-1: Ball 2-1: Ball 3-1: Base on Balls
|
|
Batting: RHB Brian Rathbun
|
0-0: Ball 1-0: Foul Ball, location: 2F 1-1: Grounds into double play, 4-6-3 (Groundball, 4, EV 95.0 MPH) Chris Temple to third
|
|
Batting: RHB Tim Anderson
|
0-0: Ball 1-0: Ground out 4-3 (Groundball, 4M, EV 83.1 MPH)
|
| Bottom of the 2nd over - 0 runs, 1 hit, 0 errors, 1 left on base; Kelowna 0 - Oakland 0 |
| TOP OF THE 3RD |
|
Kelowna Heat batting - Pitching for Oakland Oaks : RHP Jon Hollman
|
|
Batting: RHB Miguel Gonzalez
|
0-0: Ball 1-0: Called Strike 1-1: Foul Ball, location: 2F 1-2: Foul Ball, location: 2F 1-2: Strikes out swinging
|
|
Batting: LHB Takaaki Nishimoto
|
0-0: Foul Ball, location: 2F 0-1: Ball 1-1: Ball 2-1: Called Strike 2-2: Foul Ball, location: 2F 2-2: Foul Ball, location: 2F 2-2: Fly out, F8 (Flyball, 78S, EV 86.9 MPH)
|
|
Batting: RHB Sadataka Kuwahara
|
0-0: Ground out U3 (Groundball, 13, EV 87.5 MPH)
|
| Top of the 3rd over - 0 runs, 0 hits, 0 errors, 0 left on base; Kelowna 0 - Oakland 0 |
| BOTTOM OF THE 3RD |
|
Oakland Oaks batting - Pitching for Kelowna Heat : RHP Dan Giles
|
|
Batting: RHB Jake Leffel
|
0-0: Ground out 5-3 (Groundball, 56, EV 83.8 MPH)
|
|
Batting: RHB Marcus Kressley
|
0-0: Called Strike 0-1: Ball 1-1: SINGLE (Groundball, 34D, EV 109.4 MPH)
|
|
Batting: RHB Alberto Malagon
|
0-0: Called Strike 0-1: Fielders Choice at 2nd, 4-6 (Groundball, 4, EV 81.9 MPH)
|
|
Batting: LHB Alejandro Muniz
|
0-0: Ball 1-0: Ground out 4-3 (Groundball, 34, EV 84.4 MPH)
|
| Bottom of the 3rd over - 0 runs, 1 hit, 0 errors, 1 left on base; Kelowna 0 - Oakland 0 |
| TOP OF THE 4TH |
|
Kelowna Heat batting - Pitching for Oakland Oaks : RHP Jon Hollman
|
|
Batting: RHB Malik Sharpless
|
0-0: Called Strike 0-1: Ball 1-1: Foul Ball, location: 2F 1-2: Strikes out looking
|
|
Batting: LHB Chris West
|
0-0: Ground out 5-3 (Groundball, 56S, EV 71.9 MPH)
|
|
Batting: RHB Frank Pena
|
0-0: Ball 1-0: Called Strike 1-1: Ground out 5-3 (Groundball, 56, EV 106.9 MPH)
|
| Top of the 4th over - 0 runs, 0 hits, 0 errors, 0 left on base; Kelowna 0 - Oakland 0 |
| BOTTOM OF THE 4TH |
|
Oakland Oaks batting - Pitching for Kelowna Heat : RHP Dan Giles
|
|
Batting: SHB George Marshall
|
0-0: Foul Ball, location: 2F 0-1: DOUBLE (Line Drive, 9D, EV 103.1 MPH)
|
|
Batting: RHB Chris Temple
|
0-0: Ball 1-0: Reached on error, E4 (Groundball, 34, EV 106.9 MPH) George Marshall to third
|
|
Batting: LHB Marcus Pollard
|
0-0: Swinging Strike 0-1: Ball 1-1: Fielders Choice at 2nd, 4-6 (Groundball, 34, EV 89.4 MPH) George Marshall scores
|
|
Batting: RHB Brian Rathbun
|
0-0: Called Strike 0-1: Ball 1-1: Foul Ball, location: 2F 1-2: Ball 2-2: Fly out, F8 (Flyball, 8RD, EV 102.5 MPH)
|
|
Batting: RHB Tim Anderson
|
0-0: Ball Passed Ball! Marcus Pollard to second 1-0: Called Strike 1-1: Ball 2-1: Ground out 4-3 (Groundball, 4, EV 88.8 MPH)
|
| Bottom of the 4th over - 1 run, 1 hit, 1 error, 1 left on base; Kelowna 0 - Oakland 1 |
| TOP OF THE 5TH |
|
Kelowna Heat batting - Pitching for Oakland Oaks : RHP Jon Hollman
|
|
Batting: RHB Dave Putnam
|
0-0: SINGLE (Line Drive, 5D, EV 98.1 MPH)
|
|
Batting: LHB Steve Nevis
|
0-0: Fielders Choice at 2nd, 1-6 (Groundball, 13S, EV 66.9 MPH)
|
|
Batting: RHB Josh Truell
|
0-0: Ball Steve Nevis steals 2nd base 1-0: Foul Ball, location: 2F 1-1: Ball 2-1: Foul Ball, location: 2F 2-2: Foul Ball, location: 2F 2-2: SINGLE (Flyball, 89S, EV 90.0 MPH) Steve Nevis to third
|
|
Batting: RHB Miguel Gonzalez
|
0-0: Called Strike 0-1: Ball 1-1: Foul Ball, location: 2F 1-2: Ball 2-2: Strikes out swinging Josh Truell steals 2nd base Batter strikes out.
|
|
Batting: LHB Takaaki Nishimoto
|
0-0: Called Strike 0-1: Ball 1-1: Foul Ball, location: 2F 1-2: Ball 2-2: Ball 3-2: Base on Balls
|
|
Batting: RHB Sadataka Kuwahara
|
0-0: Ball 1-0: Called Strike 1-1: Foul Ball, location: 2F 1-2: Ball 2-2: Foul Ball, location: 2F 2-2: Foul Ball, location: 2F 2-2: Foul Ball, location: 2F 2-2: SINGLE (Line Drive, 89S, EV 93.1 MPH) Steve Nevis scores Josh Truell to third Takaaki Nishimoto to second Runner from 3rd tries for Home, SAFE, throw by RF to home
|
|
Batting: RHB Malik Sharpless
|
0-0: Foul Ball, location: 2F 0-1: Swinging Strike 0-2: Foul Ball, location: 2F 0-2: Ball 1-2: Ball 2-2: Fly out, F7 (Flyball, 78D, EV 104.4 MPH)
|
| Top of the 5th over - 2 runs, 3 hits, 0 errors, 2 left on base; Kelowna 2 - Oakland 1 |
| BOTTOM OF THE 5TH |
|
Oakland Oaks batting - Pitching for Kelowna Heat : RHP Dan Giles
|
|
Batting: RHB Jake Leffel
|
0-0: Ball 1-0: Ball 2-0: Ball 3-0: Called Strike 3-1: Foul Ball, location: 2F 3-2: Foul Ball, location: 2F 3-2: DOUBLE (Line Drive, 78D, EV 100.6 MPH)
|
|
Batting: RHB Marcus Kressley
|
0-0: Ball 1-0: Ball 2-0: Called Strike 2-1: Ball 3-1: Foul Ball, location: 2F 3-2: Base on Balls
|
|
Batting: RHB Alberto Malagon
|
0-0: Ground out 5-3 (Groundball, 56, EV 85.0 MPH) Jake Leffel to third Marcus Kressley to second
|
|
Batting: LHB Alejandro Muniz
|
0-0: Ball 1-0: Fly out, F8 (Flyball, 8RXD, EV 99.4 MPH) Runner from 3rd tags up, SCORES, no throw by CF
|
|
Batting: SHB George Marshall
|
0-0: Ball Passed Ball! Marcus Kressley to third 1-0: Called Strike 1-1: Swinging Strike 1-2: Fly out, F8 (Flyball, 8RM, EV 92.5 MPH)
|
| Bottom of the 5th over - 1 run, 1 hit, 0 errors, 1 left on base; Kelowna 2 - Oakland 2 |
| TOP OF THE 6TH |
|
Kelowna Heat batting - Pitching for Oakland Oaks : RHP Jon Hollman
|
|
Batting: LHB Chris West
|
0-0: Foul Ball, location: 2F 0-1: SOLO HOME RUN (Line Drive, 9D, EV 115.0 MPH), Distance : 424 ft
|
|
Batting: RHB Frank Pena
|
0-0: Ball 1-0: Ball 2-0: Ball 3-0: Base on Balls
|
|
Batting: RHB Dave Putnam
|
0-0: Ball 1-0: Called Strike 1-1: Swinging Strike 1-2: Foul Ball, location: 2F 1-2: SINGLE (Line Drive, 56D, EV 104.4 MPH) Frank Pena to second
|
|
Batting: LHB Steve Nevis
|
0-0: Fly out, F6 (Popup, 6S, EV 71.9 MPH)
|
|
Batting: RHB Josh Truell
|
0-0: Ball 1-0: Called Strike 1-1: Foul Ball, location: 2F 1-2: Ball 2-2: SINGLE (Flyball, 8LS, EV 86.3 MPH) Frank Pena to third Dave Putnam to second Runner from 3rd tries for Home, SAFE, throw by CF to home
|
|
Batting: RHB Miguel Gonzalez
|
0-0: Ball 1-0: Ball 2-0: Foul Ball, location: 2F 2-1: Ball 3-1: Foul Ball, location: 2F 3-2: Strikes out looking
|
|
Batting: LHB Takaaki Nishimoto
|
0-0: Foul Ball, location: 2F 0-1: Swinging Strike 0-2: Ball 1-2: Fly out, F8 (Flyball, 8RD, EV 94.4 MPH)
|
| Top of the 6th over - 2 runs, 3 hits, 0 errors, 2 left on base; Kelowna 4 - Oakland 2 |
| BOTTOM OF THE 6TH |
|
Oakland Oaks batting - Pitching for Kelowna Heat : RHP Dan Giles
|
|
Pitching: RHP Dylan Mosley
|
|
|
Batting: RHB Chris Temple
|
0-0: Ground out 5-3 (Groundball, 56D, EV 82.5 MPH)
|
|
Batting: LHB Marcus Pollard
|
0-0: Foul Ball, location: 2F 0-1: Fly out, F8 (Flyball, 78D, EV 93.1 MPH)
|
|
Batting: RHB Brian Rathbun
|
0-0: Swinging Strike 0-1: Ground out 6-3 (Groundball, 6, EV 78.8 MPH)
|
| Bottom of the 6th over - 0 runs, 0 hits, 0 errors, 0 left on base; Kelowna 4 - Oakland 2 |
| TOP OF THE 7TH |
|
Kelowna Heat batting - Pitching for Oakland Oaks : RHP Jon Hollman
|
|
Batting: RHB Sadataka Kuwahara
|
0-0: Foul Ball, location: 2F 0-1: Foul Ball, location: 2F 0-2: Ball 1-2: Ball 2-2: Ground out 3-1 (Groundball, 34, EV 99.4 MPH)
|
|
Pitching: RHP Dan Rohrbach
|
|
|
Batting: RHB Malik Sharpless
|
0-0: Foul Ball, location: 2F 0-1: Swinging Strike 0-2: Ball 1-2: Fly out, F9 (Flyball, 89S, EV 88.8 MPH)
|
|
Batting: LHB Chris West
|
0-0: Ball 1-0: Ball 2-0: Called Strike 2-1: Foul Ball, location: 2F 2-2: Foul Ball, location: 2F 2-2: Strikes out looking
|
| Top of the 7th over - 0 runs, 0 hits, 0 errors, 0 left on base; Kelowna 4 - Oakland 2 |
| BOTTOM OF THE 7TH |
|
Oakland Oaks batting - Pitching for Kelowna Heat : RHP Dylan Mosley
|
|
Batting: RHB Tim Anderson
|
0-0: Ball 1-0: Ball 2-0: Ball 3-0: Base on Balls
|
|
Batting: RHB Jake Leffel
|
0-0: SINGLE (Groundball, 56D, EV 98.8 MPH) Tim Anderson to second
|
|
Batting: RHB Marcus Kressley
|
0-0: Foul Ball, location: 2F 0-1: Fly out, F6 (Flyball, 56D, EV 87.5 MPH)
|
|
Pinch Hitting: LHB Igor Ciobanu
|
0-0: Ball 1-0: Ball 2-0: Called Strike 2-1: SINGLE (Line Drive, 8RS, EV 109.4 MPH) Tim Anderson to third Jake Leffel to second
|
|
Pitching: LHP Hector Jimenez
|
|
|
Batting: LHB Alejandro Muniz
|
0-0: Called Strike 0-1: Called Strike 0-2: Strikes out swinging
|
|
Pitching: RHP Ricky Fo
|
|
|
Batting: SHB George Marshall
|
0-0: SINGLE (Flyball, 89S, EV 90.0 MPH) Tim Anderson scores Jake Leffel to third Igor Ciobanu to second Runner from 3rd tries for Home, SAFE, throw by CF to home
|
|
Batting: RHB Chris Temple
|
0-0: Called Strike 0-1: Fielders Choice at 2nd, 6-4 (Groundball, 56, EV 86.9 MPH)
|
| Bottom of the 7th over - 2 runs, 3 hits, 0 errors, 2 left on base; Kelowna 4 - Oakland 4 |
| TOP OF THE 8TH |
|
Kelowna Heat batting - Pitching for Oakland Oaks : RHP Dan Rohrbach
|
|
Now at 3B: David Sharp
|
|
|
Batting: RHB Frank Pena
|
0-0: Called Strike 0-1: Foul Ball, location: 2F 0-2: Ball 1-2: Ball 2-2: Strikes out swinging
|
|
Batting: RHB Dave Putnam
|
0-0: Foul Ball, location: 2F 0-1: Foul Ball, location: 2F 0-2: Strikes out swinging
|
|
Batting: LHB Steve Nevis
|
0-0: Reached on error, E5 (Groundball, 5, EV 84.4 MPH)
|
|
Batting: RHB Josh Truell
|
0-0: Called Strike 0-1: Ball 1-1: Foul Ball, location: 2F 1-2: Foul Ball, location: 2F 1-2: Foul Ball, location: 2F 1-2: Foul Ball, location: 2F 1-2: SINGLE (Groundball, 56S, EV 70.0 MPH) (infield hit) Steve Nevis to second
|
|
Batting: RHB Miguel Gonzalez
|
0-0: Ball 1-0: Foul Ball, location: 2F 1-1: Foul Ball, location: 2F 1-2: Strikes out swinging
|
| Top of the 8th over - 0 runs, 1 hit, 1 error, 2 left on base; Kelowna 4 - Oakland 4 |
| BOTTOM OF THE 8TH |
|
Oakland Oaks batting - Pitching for Kelowna Heat : RHP Ricky Fo
|
|
Batting: LHB Marcus Pollard
|
0-0: Foul Ball, location: 2F 0-1: Ball 1-1: Fly out, F8 (Flyball, 8RM, EV 93.8 MPH)
|
|
Batting: RHB Brian Rathbun
|
0-0: Ball 1-0: Ball 2-0: Foul Ball, location: 2F 2-1: SINGLE (Groundball, 6MD, EV 95.6 MPH)
|
|
Pinch Hitting: LHB Roscoe Romaine
|
0-0: Called Strike 0-1: Swinging Strike 0-2: 2-RUN HOME RUN (Flyball, 9LD, EV 96.3 MPH), Distance : 353 ft
|
|
Batting: RHB Jake Leffel
|
0-0: Called Strike 0-1: Ball 1-1: Called Strike 1-2: Fly out, F4 (Popup, 4M, EV 70.0 MPH)
|
|
Batting: RHB Marcus Kressley
|
0-0: Called Strike 0-1: Ball 1-1: Swinging Strike 1-2: Hit by Pitch
|
|
Batting: RHB David Sharp
|
0-0: Fly out, F8 (Flyball, 78XD, EV 73.8 MPH)
|
| Bottom of the 8th over - 2 runs, 2 hits, 0 errors, 1 left on base; Kelowna 4 - Oakland 6 |
| TOP OF THE 9TH |
|
Kelowna Heat batting - Pitching for Oakland Oaks : RHP Dan Rohrbach
|
|
Pitching: RHP Terry Evans
|
|
|
Now at SS: Emiel Schlepers
|
|
|
Batting: LHB Takaaki Nishimoto
|
0-0: Foul Ball, location: 2F 0-1: Ball 1-1: Swinging Strike 1-2: Foul Ball, location: 2F 1-2: Foul Ball, location: 2F 1-2: Ball 2-2: Ball 3-2: Foul Ball, location: 2F 3-2: Strikes out swinging
|
|
Batting: RHB Sadataka Kuwahara
|
0-0: Ball 1-0: Ball 2-0: DOUBLE (Line Drive, 5D, EV 99.4 MPH)
|
|
Batting: RHB Malik Sharpless
|
0-0: Fly out, F7 (Flyball, 7LM, EV 93.8 MPH)
|
|
Batting: LHB Chris West
|
0-0: Called Strike 0-1: SINGLE (Groundball, 34, EV 104.4 MPH) (infield hit) Sadataka Kuwahara to third
|
|
Batting: RHB Frank Pena
|
0-0: Called Strike 0-1: Called Strike 0-2: Ball 1-2: TRIPLE (Line Drive, 89XD, EV 109.4 MPH) Sadataka Kuwahara scores Chris West scores
|
|
Batting: RHB Dave Putnam
|
0-0: Called Strike 0-1: SINGLE (Line Drive, 89M, EV 93.1 MPH) Frank Pena scores
|
|
Batting: LHB Steve Nevis
|
0-0: Called Strike 0-1: Ball 1-1: Foul Ball, location: 2F 1-2: Ball 2-2: Foul Ball, location: 2F 2-2: Foul Ball, location: 2F 2-2: SINGLE (Line Drive, 56D, EV 96.3 MPH) Dave Putnam to second
|
|
Batting: RHB Josh Truell
|
0-0: Foul Ball, location: 2F 0-1: Ball 1-1: Ball 2-1: Called Strike 2-2: Ball 3-2: Foul Ball, location: 2F 3-2: Ground out 5-3 (Groundball, 56, EV 87.5 MPH)
|
| Top of the 9th over - 3 runs, 5 hits, 0 errors, 2 left on base; Kelowna 7 - Oakland 6 |
| BOTTOM OF THE 9TH |
|
Oakland Oaks batting - Pitching for Kelowna Heat : RHP Ricky Fo
|
|
Pitching: RHP Jay Kouns
|
|
|
Batting: LHB Alejandro Muniz
|
0-0: Called Strike 0-1: Foul Ball, location: 2F 0-2: Ball 1-2: Ball 2-2: SINGLE (Groundball, 34D, EV 101.3 MPH)
|
|
Batting: SHB George Marshall
|
0-0: Ball Wild Pitch! Alejandro Muniz to second 1-0: Fly out, F4 (Line Drive, 4, EV 73.1 MPH)
|
|
Batting: RHB Chris Temple
|
0-0: SINGLE (Groundball, 56S, EV 66.3 MPH) (infield hit) Alejandro Muniz to third
|
|
Batting: LHB Marcus Pollard
|
0-0: Fly out, F9 (Flyball, 9D, EV 100.6 MPH) Runner from 3rd tags up, SCORES, throw by RF
|
|
Batting: RHB Brian Rathbun
|
0-0: Ball 1-0: Called Strike 1-1: Foul Ball, location: 2F 1-2: SINGLE (Flyball, 89S, EV 101.3 MPH) Chris Temple to second Runner from 2nd tries for 3rd, SAFE, throw by RF made to third
|
|
Batting: RHB Emiel Schlepers
|
0-0: Called Strike 0-1: Ball 1-1: Swinging Strike 1-2: Strikes out looking
|
| Bottom of the 9th over - 1 run, 3 hits, 0 errors, 2 left on base; Kelowna 7 - Oakland 7 |
| TOP OF THE 10TH |
|
Kelowna Heat batting - Pitching for Oakland Oaks : RHP Terry Evans
|
|
Pitching: RHP John Shutt
|
|
|
Batting: RHB Miguel Gonzalez
|
0-0: Called Strike 0-1: Ball 1-1: Foul Ball, location: 2F 1-2: Strikes out swinging
|
|
Batting: LHB Takaaki Nishimoto
|
0-0: Foul Ball, location: 2F 0-1: Foul Ball, location: 2F 0-2: Ball 1-2: Foul Ball, location: 2F 1-2: Ball 2-2: Foul Ball, location: 2F 2-2: Strikes out swinging
|
|
Batting: RHB Sadataka Kuwahara
|
0-0: Ball 1-0: Ball 2-0: Foul Ball, location: 2F 2-1: Ground out 6-3 (Groundball, 6, EV 89.4 MPH)
|
| Top of the 10th over - 0 runs, 0 hits, 0 errors, 0 left on base; Kelowna 7 - Oakland 7 |
| BOTTOM OF THE 10TH |
|
Oakland Oaks batting - Pitching for Kelowna Heat : RHP Jay Kouns
|
|
Pitching: LHP Jimmy Heinecke
|
|
|
Batting: RHB Jake Leffel
|
0-0: Ball 1-0: Called Strike 1-1: SINGLE (Line Drive, 7S, EV 105.0 MPH)
|
|
Batting: RHB Marcus Kressley
|
0-0: Called Strike 0-1: Called Strike 0-2: Ball 1-2: Foul Ball, location: 2F 1-2: Fielders Choice at 2nd, 4-6 (Groundball, 34, EV 100.0 MPH)
|
|
Batting: RHB David Sharp
|
0-0: Foul Ball, location: 2F 0-1: Ball 1-1: Foul Ball, location: 2F 1-2: Foul Ball, location: 2F 1-2: Ball 2-2: Ball 3-2: Foul Ball, location: 2F 3-2: Grounds into double play, 6-4-3 (Groundball, 6, EV 91.3 MPH)
|
| Bottom of the 10th over - 0 runs, 1 hit, 0 errors, 0 left on base; Kelowna 7 - Oakland 7 |
| TOP OF THE 11TH |
|
Kelowna Heat batting - Pitching for Oakland Oaks : RHP John Shutt
|
|
Batting: RHB Malik Sharpless
|
0-0: Called Strike 0-1: Fly out, F8 (Line Drive, 8RM, EV 88.1 MPH)
|
|
Batting: LHB Chris West
|
0-0: Called Strike 0-1: Called Strike 0-2: Foul Ball, location: 2F 0-2: Ball 1-2: Strikes out swinging
|
|
Batting: RHB Frank Pena
|
0-0: Foul Ball, location: 2F 0-1: Ball 1-1: Ground out 6-3 (Groundball, 6, EV 93.1 MPH)
|
| Top of the 11th over - 0 runs, 0 hits, 0 errors, 0 left on base; Kelowna 7 - Oakland 7 |
| BOTTOM OF THE 11TH |
|
Oakland Oaks batting - Pitching for Kelowna Heat : LHP Jimmy Heinecke
|
|
Batting: LHB Alejandro Muniz
|
0-0: Swinging Strike 0-1: Foul Ball, location: 2F 0-2: Fly out, F8 (Flyball, 8RXD, EV 85.6 MPH)
|
|
Batting: SHB George Marshall
|
0-0: Ball 1-0: Ball 2-0: Ball 3-0: Base on Balls
|
|
Batting: RHB Chris Temple
|
0-0: Ball 1-0: Swinging Strike 1-1: Grounds into double play, 4-6-3 (Groundball, 4, EV 99.4 MPH)
|
| Bottom of the 11th over - 0 runs, 0 hits, 0 errors, 0 left on base; Kelowna 7 - Oakland 7 |
| TOP OF THE 12TH |
|
Kelowna Heat batting - Pitching for Oakland Oaks : RHP John Shutt
|
|
Batting: RHB Dave Putnam
|
0-0: Ball 1-0: Called Strike 1-1: Foul Ball, location: 2F 1-2: Foul Ball, location: 2F 1-2: Foul Ball, location: 2F 1-2: Fly out, F7 (Flyball, 78S, EV 85.6 MPH)
|
|
Batting: LHB Steve Nevis
|
0-0: Called Strike 0-1: DOUBLE (Line Drive, 3D, EV 95.6 MPH)
|
|
Batting: RHB Josh Truell
|
0-0: Intentional Walk
|
|
Batting: RHB Miguel Gonzalez
|
0-0: Called Strike 0-1: Fly out, F8 (Flyball, 89XD, EV 90.0 MPH) Runner from 2nd tags up, SAFE at 3rd, no throw by CF
|
|
Pitching: RHP Nasser bin Ata
|
|
|
Batting: LHB Takaaki Nishimoto
|
0-0: Ball 1-0: Ball 2-0: Called Strike 2-1: Foul Ball, location: 2F 2-2: 3-RUN HOME RUN (Flyball, 9LD, EV 97.5 MPH), Distance : 358 ft
|
|
Batting: RHB Sadataka Kuwahara
|
0-0: Ball 1-0: Called Strike 1-1: Foul Ball, location: 2F 1-2: Foul Ball, location: 2F 1-2: Ball 2-2: Foul Ball, location: 2F 2-2: Ball 3-2: Strikes out swinging
|
| Top of the 12th over - 3 runs, 2 hits, 0 errors, 0 left on base; Kelowna 10 - Oakland 7 |
| BOTTOM OF THE 12TH |
|
Oakland Oaks batting - Pitching for Kelowna Heat : LHP Jimmy Heinecke
|
|
Batting: LHB Marcus Pollard
|
0-0: Foul Ball, location: 2F 0-1: Ball 1-1: Ground out 4-3 (Groundball, 34, EV 75.6 MPH)
|
|
Batting: RHB Brian Rathbun
|
0-0: Swinging Strike 0-1: Foul Ball, location: 2F 0-2: Ball 1-2: Ball 2-2: Strikes out swinging
|
|
Batting: RHB Emiel Schlepers
|
0-0: Called Strike 0-1: Foul Ball, location: 2F 0-2: Ball 1-2: Foul Ball, location: 2F 1-2: Ground out 6-3 (Groundball, 56, EV 95.0 MPH)
|
| Bottom of the 12th over - 0 runs, 0 hits, 0 errors, 0 left on base; Kelowna 10 - Oakland 7 |
|